 Dungeon Crawl Stone Soup version 0.27-a0-1196-g3e9cee4cb2 (console) character file.

Game seed: 5837135198948745483

283 Hector the Cutter (level 6, 0/32 HPs)
             Began as a Spriggan Abyssal Knight on May 29, 2021.
             Was a Believer of Lugonu.
             Slain by a black bear (8 damage)
             ... on level 4 of the Dungeon.
             The game lasted 00:11:15 (3738 turns).

Hector the Cutter (Spriggan Abyssal Knight)         Turns: 3738, Time: 00:11:15

Health: 0/32       AC:  7    Str:  8    XL:     6   Next: 7%
Magic:  8/8        EV: 18    Int: 15    God:    Lugonu [**....]
Gold:   110        SH:  0    Dex: 15    Spells: 6/7 levels left

rFire    . . .     SeeInvis +   a - +1 short sword (vamp)
rCold    . . .     Faith    .   (shield restricted)
rNeg     . . .     Spirit   .   b - +0 robe
rPois    .         Reflect  .   (helmet restricted)
rElec    .         Harm     .   e - +0 cloak
rCorr    .         Rampage  .   (gloves unavailable)
Will     +....                  (boots unavailable)
Stlth    ++........             (no amulet)
HPRegen  0.10/turn              A - +4 ring of protection
MPRegen  0.11/turn              (no ring)

@: very quick
A: very small, no large weapons, unfitting armour, see invisible, speed 3
a: Renounce Religion, Depart the Abyss, Bend Space


You were on level 4 of the Dungeon.
You worshipped Lugonu.
Lugonu was pleased with you.
You visited 1 branch of the dungeon, and saw 4 of its levels.
You visited the Abyss 1 time.

You collected 110 gold pieces.

Inventory:

Hand Weapons
 a - a +1 vampiric short sword (weapon)
 i - a +0 dagger
 p - a +0 trident
 q - a +1 short sword
Missiles
 d - 138 stones (quivered)
Armour
 b - a +0 robe (worn)
 e - a +0 cloak (worn)
Jewellery
 A - a +4 ring of protection (left hand)
Scrolls
 h - a scroll of vulnerability {unknown}
 l - a scroll of immolation {unknown}
 n - 2 scrolls of enchant armour {unknown}
 o - a scroll of summoning {unknown}
 r - a scroll of enchant weapon {unknown}
 t - a scroll of teleportation {unknown}
Potions
 c - a potion of flight {unknown}
 f - a potion of might {unknown}
 g - a potion of brilliance {unknown}
 j - a potion of heal wounds
 k - 2 potions of degeneration {unknown}
 m - a potion of curing {unknown}
 s - a potion of lignification


   Skills:
 + Level 2.8 Fighting
 * Level 5.0 Short Blades
 + Level 4.1 Dodging
 * Level 3.2 Stealth
 * Level 1.1 Spellcasting
 * Level 1.1 Hexes
 * Level 2.6 Invocations


You had 6 spell levels left.
You knew the following spells:

 Your Spells              Type           Power      Damage    Failure   Level
a - Corona                Hex            4%         N/A       16%         1

Your spell library contained the following spells:

 Spells                   Type           Power      Damage    Failure   Level
 Animate Skeleton         Necr           0%         N/A       24%         1
 Apportation              Tloc           0%         N/A       24%         1
 Summon Small Mammal      Summ           0%         N/A       24%         1


Dungeon Overview and Level Annotations

Branches:
Dungeon (4/15)
 Temple: D:4-7

Altars:

Shops:
D:1 *

Annotations:
D:3 Sigmund


Innate Abilities, Weirdness & Mutations

You are very small and have problems with some larger weapons.
You are too small for most types of armour.
You have supernaturally acute eyesight. (SInv)
You cover ground extremely quickly. (Speed+++)


Message History

The black bear closely misses you.
The black bear claws you but does no damage.
The black bear barely misses you.
You hit the black bear.
You feel better.
The black bear is severely wounded.
The black bear bites you.
The black bear claws you but does no damage.
The black bear misses you.
You barely miss the black bear.
The black bear is severely wounded.
The black bear goes berserk!
You hit the black bear but do no damage.
The black bear is severely wounded.
The black bear misses you.
The black bear claws you but does no damage.
The black bear claws you.
You closely miss the black bear.
The black bear is severely wounded.
The black bear bites you! The black bear misses you.
The black bear closely misses you.
You completely miss the black bear.
The black bear is severely wounded.
The black bear bites you but does no damage.
The black bear claws you. x2
* * * LOW HITPOINT WARNING * * *
You hit the black bear.
The black bear is severely wounded.
The black bear misses you. The black bear closely misses you.
The black bear claws you but does no damage.
The black bear barely misses you.
The black bear claws you but does no damage.
The black bear closely misses you.
You barely miss the black bear.
The black bear is severely wounded.
The black bear completely misses you. The black bear misses you.
The black bear claws you but does no damage.
You hit the black bear but do no damage.
The black bear is severely wounded.
The black bear bites you!
You die...

############
#..........#
#..........#
#..........#
#..........#
#..........#
#...<......#
#.....h....#
#.....@....#
.............#
###.....######
#.....#
#.....#
#.....#
#.....# #.....


You could see a black bear (berserk).

Vanquished Creatures
  A water moccasin (D:3)
  A hound (D:4)
  3 gnolls
  5 adders
  A worm (D:3)
  2 dart slugs
  2 orcs (D:3)
  5 endoplasms
  5 giant cockroaches
  5 goblins
  7 hobgoblins
  4 jackals (D:2)
  7 kobolds
  7 ball pythons
  6 bats
  3 frilled lizards
  4 rats
68 creatures vanquished.

Notes
Turn   | Place    | Note
-------+----------+-------------------------------------------
     0 | Abyss:1  | Hector the Spriggan Abyssal Knight began the quest for the
                  | Orb.
     0 | Abyss:1  | Reached XP level 1. HP: 11/11 MP: 3/3
     9 | Abyss:1  | Noticed an ice devil
    10 | D:1      | Escaped the Abyss
   468 | D:1      | Reached skill level 1 in Stealth
   499 | D:1      | Reached XP level 2. HP: 15/16 MP: 4/4
   563 | D:1      | Found Maruinaan's General Store.
   695 | D:1      | Reached * piety under Lugonu
  1196 | D:2      | Reached XP level 3. HP: 19/19 MP: 5/5
  1312 | D:1      | Reached skill level 3 in Short Blades
  2097 | D:2      | Reached XP level 4. HP: 23/23 MP: 6/6
  2538 | D:3      | Reached ** piety under Lugonu
  2588 | D:3      | Reached skill level 4 in Short Blades
  2964 | D:3      | Noticed a water moccasin
  3034 | D:3      | Learned a level 1 spell: Corona
  3186 | D:3      | Noticed Sigmund
  3320 | D:3      | Reached XP level 5. HP: 28/28 MP: 7/7
  3377 | D:3      | Killed a water moccasin
  3378 | D:3      | Reached skill level 1 in Spellcasting
  3378 | D:3      | Reached skill level 1 in Hexes
  3706 | D:4      | Noticed a black bear
  3717 | D:4      | Reached skill level 5 in Short Blades
  3717 | D:4      | Reached XP level 6. HP: 28/32 MP: 8/8
  3738 | D:4      | Slain by a black bear

Illustrated notes

Levels and vault maps discovered:
D:1:      dpeg_arrival_chambers_temple_mockup, layout_rooms, serial_shops,
          nicolae_shop_competitors_out_of_business
D:2:      layout_loops_ring, grunt_ministairs_9
D:3:      layout_basic, nrook_mini_backslash, hangedman_feature_mirror,
          uniq_sigmund
D:4:      layout_basic, evilmike_ruin_ashenzari, kennysheep_generic_room_2,
          uniq_crazy_yiuf_cottage, uniq_menkaure, uniq_ijyb

Skill      XL: |  1  2  3  4  5 |
---------------+----------------+-----
Stealth        | 1 2 3 |  3.2
Short Blades   | 3 4 5 |  5.0
Invocations    | 2 |  2.6
Dodging        | 4 |  4.1
Spellcasting   | 1 |  1.1
Hexes          | 1 |  1.1
Fighting       | |  2.8

Action                   |  1- 3 |  4- 6 || total
-------------------------+-------+-------++-------
Melee: Short sword       |   137 |   161 ||   298
Throw: Stone             |       |     7 ||     7
 Cast: Corona            |       |     1 ||     1
Invok: Depart the Abyss  |     1 |       ||     1
  Use: Potion            |       |     2 ||     2
 Stab: Sleeping          |     5 |     2 ||     7
Armor: Robe              |    15 |    29 ||    44
       Skin              |       |     7 ||     7
Dodge: Dodged            |    99 |   150 ||   249

Table legend: (Time is in decaauts)
 A = Elapsed time spent in this place.
 B = Non-inter-level travel time spent in this place.
 C = Inter-level travel time spent in this place.
 D = Time resting spent in this place.
 E = Time spent auto-exploring this place.
 F = Levels seen in this place.
 G = Mean time per level.
                   A        B        C        D        E       F      G
               +--------+--------+--------+--------+--------+-----+--------+
         Total |   2847 |   2622 |    225 |    358 |   1590 |   5 |  569.4 |
       Dungeon |   2841 |   2616 |    225 |    358 |   1585 |   4 |  710.2 |
         Abyss |      6 |      6 |      0 |      0 |      5 |   1 |    6.0 |
               +--------+--------+--------+--------+--------+-----+--------+

Top non-repeatable levels by time:
     D:1: 1109 daAuts
     D:3: 878 daAuts
     D:2: 827 daAuts
     D:4: 27 daAuts
 Abyss:1: 6 daAuts
